 Dungeon Crawl Stone Soup version 0.29-a0-111-gbaf749a769 (webtiles) character file.

Game seed: 11498931507615682376

341492 erthbison the Hoplite (level 22, -7/153 HPs)
             Began as a Gargoyle Fighter on Feb 11, 2022.
             Was the Champion of Okawaru.
             Mangled by a deep troll (9 damage)
             ... summoned by a glowing orange brain
             ... while paralysed by a vampire knight
             ... on level 2 of the Depths on Feb 18, 2022.
             The game lasted 02:52:24 (44696 turns).

erthbison the Hoplite (Gargoyle Fighter)           Turns: 44696, Time: 02:52:24

Health: -7/153     AC: 61    Str: 28      XL:     22   Next: 1%
Magic:  29/29      EV:  2    Int: 14 (17) God:    Okawaru [******]
Gold:   4197       SH:  0    Dex:  7      Spells: 21/21 levels left

rFire   + + .      SeeInvis .   a - +10 mace of Eternal War {venom, rCorr Int+2}
rCold   + . .      Faith    .   v - +10 tower shield of the Worm {Int+3}
rNeg    + + .      Spirit   .   w - +2 plate armour {rF+}
rPois   ∞          Reflect  .   W - +2 helmet
rElec   +          Harm     .   s - +2 cloak of Syndicalism {-Cast +Inv rC+ Str+2}
rCorr   +          Rampage  .   F - +3 pair of gauntlets of War {Slay+5}
Will    +....      NoCast   +   E - +2 pair of boots of Refuge {rF+ rN+}
Stlth   ..........              i - amulet of regeneration
HPRegen 1.15/turn               t - +4 ring of protection
MPRegen 0.21/turn               O - +4 ring of evasion

@: paralysed, flying
A: sickness immunity, AC +16, big wings, negative energy resistance 1,
electricity resistance, torment resistance 1, petrification resistance,
iridescent scales 1, clumsy 1, weak 1
}: 2/15 runes: barnacled, gossamer
a: Renounce Religion, Evoke Invisibility, Heroism, Finesse, Duel


You were on level 2 of the Depths.
You worshipped Okawaru.
Okawaru was exalted by your worship.
You visited 9 branches of the dungeon, and saw 38 of its levels.
You also visited: Sewer and Volcano.

You collected 4766 gold pieces.
You spent 569 gold pieces at shops.

Inventory:

Hand Weapons
 a - the +10 mace of Eternal War (weapon) {venom, rCorr Int+2}
   (You found it on level 3 of the Dungeon)

   It poisons the flesh of those it strikes.
   Int:       It affects your intelligence (+2).
   rCorr:     It protects you from acid and corrosion.
 b - a +0 hunting sling of freezing
Missiles
 c - 7 throwing nets
 e - 9 datura-tipped darts (quivered)
 z - 264 sling bullets
 Q - 8 atropa-tipped darts
Armour
 s - the +2 cloak of Syndicalism (worn) {-Cast +Inv rC+ Str+2}
   (Okawaru gifted it to you on level 4 of the Shoals)

   Str:       It affects your strength (+2).
   rC:        It protects you from cold.
   +Inv:      It lets you turn invisible.
   -Cast:     It prevents spellcasting.
 v - the +10 tower shield of the Worm (worn) {Int+3}
   (Okawaru gifted it to you on level 6 of the Lair of Beasts)

   Int:       It affects your intelligence (+3).
 w - a +2 plate armour of fire resistance (worn)
 E - the +2 pair of boots of Refuge (worn) {rF+ rN+}
   (You bought it in a shop on level 3 of the Elven Halls)

   rF:        It protects you from fire.
   rN:        It protects you from negative energy.
 F - the +3 pair of gauntlets of War (worn) {Slay+5}
   (You acquired it on level 3 of the Lair of Beasts)

   Slay:      It affects your accuracy & damage with ranged weapons and melee
   (+5).
 W - a +2 helmet (worn)
Jewellery
 i - an amulet of regeneration (around neck)
 t - a +4 ring of protection (left hand)
 O - a +4 ring of evasion (right hand)
 Y - a ring of protection from fire
Wands
 A - a wand of paralysis (18)
 G - a wand of polymorph (5)
 H - a wand of iceblast (36)
 M - a wand of acid (9)
 N - a wand of digging (11)
 P - a wand of flame (38)
 S - a wand of mindburst (14)
Scrolls
 f - 7 scrolls of magic mapping
 g - 7 scrolls of brand weapon
 h - 4 scrolls of fog
 k - a scroll of holy word
 o - 7 scrolls of enchant armour
 q - 3 scrolls of fear
 r - 15 scrolls of teleportation
 x - 2 scrolls of immolation
 B - 3 scrolls of enchant weapon
 I - a scroll of silence
 K - a scroll of torment
 U - 5 scrolls of vulnerability
Potions
 d - 5 potions of might
 j - 13 potions of heal wounds
 l - 2 potions of berserk rage
 m - 4 potions of resistance
 n - 12 potions of curing
 p - 10 potions of ambrosia
 u - a potion of invisibility
 C - 3 potions of attraction
 D - 3 potions of magic
 J - 8 potions of lignification
 L - 4 potions of mutation
 R - a potion of brilliance
 T - 4 potions of haste
 X - 2 potions of cancellation


   Skills:
 * Level 20.8 Fighting
 - Level 7.4(11.1) Axes
 - Level 14.0(14.8) Maces & Flails
 * Level 20.8 Armour
 + Level 3.5 Dodging
 - Level 21.8 Shields
 - Level 10.0 Invocations


You had 21 spell levels left.
You didn't know any spells.
Your spell library contained the following spells:

 Spells                   Type           Power      Damage    Failure   Level
 Beastly Appendage        Tmut           0%         N/A       91%         1
 Freeze                   Ice            0%         1d3       91%         1
 Slow                     Hex            0%         N/A       91%         1
 Sting                    Tmut/Pois      0%         1d3       91%         1
 Blink                    Tloc           0%         N/A       97%         2
 Ensorcelled Hibernation  Hex/Ice        0%         N/A       97%         2
 Passwall                 Tmut/Erth      0%         N/A       97%         2
 Poisonous Vapours        Pois/Air       0%         N/A       97%         2
 Scorch                   Fire           0%         2d5       97%         2
 Static Discharge         Conj/Air       0%         N/A       97%         2
 Wereblood                Tmut           0%         N/A       97%         2
 Confusing Touch          Hex            0%         N/A       99%         3
 Conjure Flame            Conj/Fire      0%         6-21      99%         3
 Frozen Ramparts          Ice            0%         1d2       99%         3
 Inner Flame              Hex/Fire       0%         N/A       99%         3
 Ozocubu's Armour         Ice            0%         N/A       99%         3
 Portal Projectile        Hex/Tloc       0%         N/A       99%         3
 Spider Form              Tmut/Pois      0%         N/A       99%         3
 Swiftness                Air            0%         N/A       99%         3
 Vampiric Draining        Necr           0%         2d6       99%         3
 Cause Fear               Hex            0%         N/A       100%        4
 Dispel Undead            Necr           0%         3d6       100%        4
 Flame Wave               Conj/Fire      0%         2d4       100%        4
 Fulminant Prism          Conj/Hex       0%         3d6       100%        4
 Hailstorm                Conj/Ice       0%         3d3       100%        4
 Ice Form                 Ice/Tmut       0%         N/A       100%        4
 Iskenderun's Mystic Bla  Conj/Tloc      0%         2d3       100%        4
 Leda's Liquefaction      Hex/Erth       0%         N/A       100%        4
 Petrify                  Tmut/Erth      0%         N/A       100%        4
 Sticky Flame             Conj/Fire      0%         2d3       100%        4
 Alistair's Intoxication  Tmut/Pois      0%         N/A       100%        5
 Blade Hands              Tmut           0%         N/A       100%        5
 Borgnjor's Vile Clutch   Necr/Erth      0%         N/A       100%        5
 Fireball                 Conj/Fire      0%         3d3       100%        5
 Lee's Rapid Deconstruct  Erth           0%         3d5*      100%        5
 Manifold Assault         Tloc           0%         N/A       100%        5
 Metabolic Englaciation   Hex/Ice        0%         N/A       100%        5
 Yara's Violent Unravell  Hex/Tmut       0%         3d3       100%        5
 Conjure Ball Lightning   Conj/Air       0%         3x3d6     100%        6
 Eringya's Noxious Bog    Tmut/Pois      0%         N/A       100%        6
 Iron Shot                Conj/Erth      0%         9d1       100%        6
 Dragon Form              Tmut           0%         N/A       100%        7
 Storm Form               Tmut/Air       0%         N/A       100%        7
 Discord                  Hex            0%         N/A       100%        8
 Disjunction              Tloc           0%         N/A       100%        8
 Call Canine Familiar     Summ           Unusable   N/A       N/A         3
 Animate Armour           Summ/Erth      Unusable   N/A       N/A         4
 Simulacrum               Ice/Necr       Unusable   N/A       N/A         6
 Statue Form              Tmut/Erth      Unusable   N/A       N/A         6
 Summon Cactus Giant      Summ           Unusable   N/A       N/A         6
 Dragon's Call            Summ           Unusable   N/A       N/A         9

Dungeon Overview and Level Annotations

Branches:
Dungeon (15/15)            Temple (1/1) D:5            Lair (6/6) D:8
 Shoals (4/4) Lair:3       Spider (4/4) Lair:3        Slime (1/5) Lair:5
    Orc (2/2) D:12            Elf (3/3) Orc:2        Vaults (0/5) D:14
 Depths (2/4) D:15          Sewer (visited)         Volcano (visited)

Altars:
Ashenzari
Cheibriados
Dithmenos
Elyvilon
Fedhas
Gozag
Hepliaklqana
Kikubaaqudgha
Makhleb
Nemelex Xobeh
Okawaru
Qazlal
Ru
Sif Muna
Trog
Uskayaw
Vehumet
Wu Jian
Xom
Yredelemnul
Zin
The Shining One
Beogh
Jiyva

Shops:
D:13 [   D:14 [   Orc:1 (   Orc:2 (:*[   Elf:1 *   Elf:3 [

Portals:
Hell: Depths:1
Abyss: Depths:1

Annotations:
Lair:5 exclusion: oklob plant
Spider:2 Roxanne


Innate Abilities, Weirdness & Mutations

You are immune to sickness and miasma.
Your stone body is resilient. (AC +16)
You are immune to poison.
Your large and strong wings let you fly.
You resist negative energy. (rN+)
You are resistant to electric shocks. (rElec)
You are resistant to unholy torment.
You are immune to petrification.
You are partially covered in iridescent scales. (AC +2)
You are clumsy. (Dex -2)
You are weak. (Str -2)


Message History

The deep troll bites you but does no damage.
The deep troll claws you but does no damage.
The deep troll claws you!
You hear some strange, mumbled words.
Something tries to affect you, but you resist.
The deep troll earth mage bites you but does no damage.
The deep troll earth mage claws you but does no damage. x2
The iron troll bites you but does no damage.
The iron troll claws you but does no damage. x2
The deep troll shaman bites you but does no damage.
The deep troll shaman claws you!
The deep troll shaman claws you but does no damage.
The deep troll bites you but does no damage.
The deep troll claws you but does no damage.
The deep troll barely misses you.
The deep troll bites you but does no damage.
The deep troll claws you!!
The deep troll claws you but does no damage.
Something hits you but does no damage. Something bites you but does no damage.
The glowing orange brain blinks!
The deep troll bites you.
The deep troll claws you but does no damage. x2
The deep troll earth mage bites you but does no damage.
The deep troll earth mage claws you but does no damage.
The deep troll earth mage claws you!
* * * LOW HITPOINT WARNING * * *
The deep troll shaman bites you but does no damage.
The deep troll shaman claws you!
* * * LOW HITPOINT WARNING * * *
The deep troll shaman claws you but does no damage.
The deep troll bites you but does no damage.
The deep troll claws you but does no damage. x2
Something hits you but does no damage. Something bites you but does no damage.
The iron troll bites you but does no damage.
The iron troll claws you but does no damage. x2
The deep troll bites you!
* * * LOW HITPOINT WARNING * * *
The deep troll claws you!
* * * LOW HITPOINT WARNING * * *
The deep troll claws you!
You die...

....... ...........
.#..>..... .#........
.......# ......#
####W...##
#..T{T...###. .##.
#.#T@##...#.. ..#..
#..T#T# ....#####....
##.#..###^.#...#...#..
##.###.....# #..#..##..
#..# #....####....####.
##.###......##......#..
##.#.......#..........
#......#............
#######.............


You could see an iron troll (summoned), 2 deep trolls, a phantasmal warrior, a
deep troll earth mage (summoned) and a deep troll shaman (summoned).

Vanquished Creatures
  Mara (Shoals:3)
  Nikola (Shoals:3)
  A titan (Shoals:4)
  2 deep elf blademasters (Elf:3)
  Polyphemus (Shoals:2)
  Gastronok (Lair:3)
  A sphinx (Depths:2)
  Donald (Spider:1)
  Kirke (D:14)
  An azure jelly (Shoals:1)
  2 emperor scorpions (Spider:3)
  A frost giant (Depths:2)
  5 ghost moths
  2 deep elf sorcerers
  A caustic shrike zombie (D:15)
  2 orc warlords
  A deep elf elementalist (Elf:3)
  7 broodmothers
  2 quicksilver oozes (Slime:1)
  2 deep elf demonologists (Elf:3)
  3 stone giants
  Nessos (D:15)
  A vampire knight (Depths:1)
  A spark wasp (Spider:3)
  9 entropy weavers
  2 deep elf annihilators
  2 ettins (Depths:1)
  4 merfolk javelineers (Shoals:4)
  Josephine (D:13)
  5 deep elf death magi
  14 merfolk impalers
  A deep elf high priest (Elf:3)
  2 fire dragons
  The ghost of Gelon the Zephyrmancer, a journeyman TeAE of Vehumet (Lair:3)
  A rakshasa (Depths:1)
  11 hydras
  An ice dragon (Depths:2)
  6 boulder beetles
  A merfolk avatar (Shoals:3)
  3 death knights
  5 merfolk aquamancers
  2 ogre magi (D:15)
  2 catoblepae
  4 centaur warriors
  3 jorogumos
  An alligator snapping turtle (Shoals:1)
  2 radroaches
  A satyr (Shoals:2)
  26 dancing weapons
  12 two-headed ogres
  5 tengu warriors
  3 deep troll earth magi (Depths:1)
  11 death yaks
  3 orc high priests
  7 hell knights (Depths:1)
  2 vampire magi
  3 iron trolls (Depths:1)
  24 deep elf knights
  A skeletal warrior (D:15)
  13 pharaoh ants
  10 orb spiders
  A sun moth (Spider:4)
  7 sea snakes
  4 deep trolls (Depths:1)
  A spriggan druid (Elf:2)
  5 steelbarb worms
  22 harpies
  19 deep elf archers
  An obsidian statue (Volcano)
  A wizard (Elf:1)
  5 phantasmal warriors
  2 lindwurms
  34 deep elf zephyrmancers
  19 wolf spiders
  15 ugly things
  A necromancer (D:15)
  A frost giant zombie (D:15)
  4 orc knights
  8 cyclopes
  40 deep elf pyromancers
  8 fauns
  A stone giant zombie (D:15)
  18 manticores
  4 orc sorcerers
  An oklob plant (Lair:3)
  A moth of wrath (Spider:4)
  Maurice (D:8)
  11 elephants
  16 black mambas
  A black mamba (shapeshifter) (D:13)
  4 water nymphs
  13 merfolk sirens
  6 torpor snails
  3 molten gargoyles (Lair:6)
  11 cane toads
  6 demonic crawlers
  2 kobold demonologists
  7 rime drakes
  3 unseen horrors
  5 tengu conjurers
  An efreet (Volcano)
  10 komodo dragons
  A guardian mummy (D:15)
  5 freezing wraiths
  6 trolls
  A troll (shapeshifter) (D:13)
  A queen bee (D:9)
  13 hornets
  6 meliai
  9 wind drakes
  29 merfolk
  31 tarantellas
  2 polar bears
  6 slime creatures (D:13)
  4 snapping turtles
  12 dream sheep
  A blink frog (shapeshifter) (D:10)
  A spriggan zombie (D:15)
  19 blink frogs
  A shadow (D:12)
  26 jumping spiders
  9 air elementals
  16 culicivoras
  52 yaks
  15 wyverns
  23 water elementals
  6 wraiths
  5 fire bats (Volcano)
  4 hogs (D:14)
  5 fire elementals
  A human (D:14)
  55 redbacks
  10 basilisks
  3 steam dragons
  4 vampire mosquitoes (D:10)
  4 wargs
  3 acid dragons
  24 water moccasins
  3 hell hounds (Lair:6)
  An ice beast (D:6)
  A hornet zombie (D:7)
  40 orc warriors
  3 black bears
  A necrophage (D:7)
  10 ogres
  4 boggarts (D:12)
  3 wolves
  13 centaurs
  4 kobold brigands
  Blork the orc (Orc:2)
  15 bullfrogs
  4 gnoll sergeants (D:12)
  A scorpion (D:4)
  A wyvern skeleton (D:7)
  A hornet simulacrum (D:15)
  25 killer bees (D:9)
  4 electric eels
  A troll skeleton (D:11)
  A howler monkey (D:11)
  5 spriggan skeletons (D:11)
  A hound (D:5)
  2 jellies
  15 lava snakes
  3 centaur zombies
  20 orc priests
  A bullfrog skeleton (D:6)
  A centaur skeleton (D:3)
  2 hell rats (Lair:4)
  24 orc wizards
  2 scorpion zombies (D:5)
  A hound skeleton (D:4)
  3 howler monkey zombies
  2 gnolls (D:12)
  6 river rats (Sewer)
  8 adders
  2 shadow imps
  A white imp (D:6)
  An adder skeleton (D:4)
  5 worms
  3 dart slugs
  74 orcs
  10 endoplasms
  2 giant cockroaches
  3 goblins
  8 hobgoblins
  3 jackals (D:1)
  14 kobolds
  3 quokkas
  8 ball pythons
  2 bats (D:1)
  5 frilled lizards
  13 rats
1372 creatures vanquished.

Vanquished Creatures (others)
  A ghost moth (Spider:4)
  2 deep elf knights
  A deep elf pyromancer (Elf:2)
  2 deep elf zephyrmancers (Elf:2)
  A boggart (Elf:1)
  An orc wizard (Elf:3)
  29 fungi
  144 plants
  4 withered plants (D:15)
185 creatures vanquished.

Grand Total: 1557 creatures vanquished

Notes
Turn   | Place    | Note
-------+----------+-------------------------------------------
     0 | D:1      | erthbison the Gargoyle Fighter began the quest for the Orb.
     0 | D:1      | Reached XP level 1. HP: 14/14 MP: 1/1
   123 | D:1      | Reached XP level 2. HP: 7/19 MP: 2/2
   362 | D:1      | Found a faded altar of an unknown god.
   814 | D:1      | Reached XP level 3. HP: 23/23 MP: 3/3
  1731 | D:2      | Found a shimmering altar of Xom.
  1914 | D:2      | Reached XP level 4. HP: 28/28 MP: 4/4
  2326 | D:3      | Identified the +10 mace of Eternal War {venom, rCorr Int+2}
  2385 | D:3      | Reached skill level 5 in Maces & Flails
  2385 | D:3      | Reached XP level 5. HP: 31/32 MP: 5/5
  3165 | D:4      | Reached XP level 6. HP: 37/37 MP: 6/6
  3676 | D:5      | Entered Level 5 of the Dungeon
  3839 | D:5      | Found a staircase to the Ecumenical Temple.
  3842 | D:5      | Noticed a black bear
  3863 | D:5      | Killed a black bear
  3864 | D:5      | Reached XP level 7. HP: 39/41 MP: 7/7
  3892 | Temple   | Entered the Ecumenical Temple
  4091 | Temple   | Became a worshipper of Warmaster Okawaru
  4730 | D:6      | Reached XP level 8. HP: 45/46 MP: 8/8
  4905 | D:6      | Reached * piety under Okawaru
  4952 | D:6      | Found a glowing drain.
  4965 | Sewer    | Entered a sewer
  5591 | D:7      | Reached skill level 10 in Maces & Flails
  5701 | D:7      | Reached ** piety under Okawaru
  5702 | D:7      | Reached XP level 9. HP: 51/51 MP: 9/9
  5717 | D:7      | Identified the +1 robe "Vaexkelo" {Int+2}
  6026 | D:7      | Found an ornate altar of the Wu Jian Council.
  6066 | D:7      | Found a basalt altar of Yredelemnul.
  6359 | D:8      | Found a snail-covered altar of Cheibriados.
  6369 | D:8      | Found a shadowy altar of Dithmenos.
  6371 | D:8      | Found a burning altar of Makhleb.
  6418 | D:8      | Found a staircase to the Lair.
  6543 | D:8      | Found an opulent altar of Gozag.
  6566 | D:8      | Noticed Maurice
  6587 | D:8      | Killed Maurice
  6587 | D:8      | Reached *** piety under Okawaru
  6595 | D:8      | Noticed a red ugly thing
  6605 | D:8      | Killed a red ugly thing
  6606 | D:8      | Reached XP level 10. HP: 56/56 MP: 10/10
  6757 | D:8      | Reached **** piety under Okawaru
  6941 | D:8      | Found a white marble altar of Elyvilon.
  7115 | D:9      | Reached skill level 5 in Fighting
  7115 | D:9      | Reached skill level 5 in Armour
  7487 | D:9      | Noticed a kobold demonologist
  7492 | D:9      | Killed a kobold demonologist
  7514 | D:9      | Reached ***** piety under Okawaru
  7570 | D:9      | Found a sacrificial altar of Ru.
  7682 | D:9      | Received a gift from Okawaru
  7701 | D:9      | Reached XP level 11. HP: 67/67 MP: 11/11
  7730 | D:9      | Identified the +0 pair of gloves of Baldness {-Tele rN+
                  | Str+4} (Okawaru gifted it to you on level 9 of the Dungeon)
  7730 | D:9      | Received a gift from Okawaru
  7924 | D:10     | Entered Level 10 of the Dungeon
  8139 | Lair:1   | Entered Level 1 of the Lair of Beasts
  8173 | Lair:1   | Noticed a seven-headed hydra
  8690 | D:10     | Noticed a centaur warrior
  8702 | D:10     | Killed a centaur warrior
  8718 | D:10     | Noticed a white ugly thing
  8748 | D:10     | Noticed a four-headed hydra
  8754 | D:10     | Killed a four-headed hydra
  8756 | D:10     | Noticed an orc knight
  8773 | D:10     | Killed an orc knight
  8783 | D:10     | Noticed a cyclops
  8806 | D:10     | Killed a cyclops
  8822 | D:10     | Noticed a centaur warrior
  8833 | D:10     | Killed a centaur warrior
  8834 | D:10     | Reached skill level 10 in Fighting
  8834 | D:10     | Reached skill level 10 in Armour
  8933 | D:10     | Noticed a cyclops
  8949 | D:10     | Killed a cyclops
  9004 | D:10     | Noticed a two-headed ogre
  9027 | D:10     | Killed a two-headed ogre
  9027 | D:10     | Reached ****** piety under Okawaru
  9028 | D:10     | Reached XP level 12. HP: 79/79 MP: 12/12
  9522 | D:11     | Noticed a death knight
  9877 | D:8      | Killed a seven-headed hydra
  9877 | D:8      | Identified the +2 pair of gloves "Suzum" {Harm Str+6 Int+4}
                  | (Okawaru gifted it to you on level 8 of the Dungeon)
  9877 | D:8      | Received a gift from Okawaru
 10170 | Lair:1   | Identified the +5 hand axe of the Shore {vorpal, rN+
                  | Will+++ Dex+3}
 10880 | Lair:2   | Noticed an eight-headed hydra
 10898 | Lair:2   | Killed an eight-headed hydra
 10981 | Lair:2   | Noticed a death yak
 11017 | Lair:2   | Killed a death yak
 11028 | Lair:2   | Reached XP level 13. HP: 74/88 MP: 13/13
 11570 | Lair:3   | Found a runed translucent gate.
 11570 | Lair:3   | Found a runed translucent gate.
 11570 | Lair:3   | Found a runed translucent gate.
 11581 | Lair:3   | Noticed Gelon's ghost (journeyman TeAE)
 11711 | Lair:3   | Noticed Gastronok
 11735 | Lair:3   | Killed Gastronok
 11896 | Lair:3   | Identified the +6 great mace of Blood {flame, rF+ SInv}
                  | (Okawaru gifted it to you on level 3 of the Lair of Beasts)
 11896 | Lair:3   | Received a gift from Okawaru
 11966 | Lair:3   | Identified 2 scrolls of acquirement
 11989 | Lair:3   | Acquired the +3 pair of gauntlets of War {Slay+5}
 11989 | Lair:3   | Found the +3 pair of gauntlets of War {Slay+5}
 11990 | Lair:3   | Acquired the +3 kite shield of the Planets {Harm MP+9 Str+3
                  | Stlth+}
 12068 | Lair:3   | Found a staircase to the Shoals.
 12090 | Lair:3   | Reached skill level 4 in Shields
 12365 | Lair:3   | Reached skill level 5 in Shields
 12395 | Lair:3   | Found a hole to the Spider Nest.
 12852 | Lair:3   | Reached skill level 6 in Shields
 12910 | Lair:3   | Reached skill level 7 in Shields
 12937 | Lair:3   | Received a gift from Okawaru
 12953 | Lair:4   | Reached skill level 8 in Shields
 13118 | Lair:4   | Found an ancient bone altar of Kikubaaqudgha.
 13169 | Lair:4   | Reached skill level 9 in Shields
 13271 | Lair:4   | Reached skill level 10 in Shields
 13271 | Lair:4   | Gained mutation: Your large and strong wings let you fly.
                  | [Gargoyle growth]
 13271 | Lair:4   | Reached XP level 14. HP: 95/95 MP: 14/14
 13506 | Lair:4   | Reached skill level 11 in Shields
 13537 | Lair:4   | Identified the +0 cloak "Bumeopov" {rF- rC- Str+4 Dex+3}
                  | (Okawaru gifted it to you on level 4 of the Lair of Beasts)
 13537 | Lair:4   | Received a gift from Okawaru
 13569 | Lair:4   | Got the Compendium of the Poisonous Blaze
 14288 | Lair:5   | Reached skill level 12 in Shields
 14436 | Lair:5   | Found a viscous altar of Jiyva.
 14436 | Lair:5   | Found a staircase to the Slime Pits.
 14696 | Lair:6   | Entered Level 6 of the Lair of Beasts
 14866 | Lair:6   | Found a bloodstained altar of Trog.
 15102 | Lair:6   | Reached skill level 13 in Shields
 15435 | Lair:6   | Identified the +10 tower shield of the Worm {Int+3}
                  | (Okawaru gifted it to you on level 6 of the Lair of Beasts)
 15435 | Lair:6   | Received a gift from Okawaru
 15436 | Lair:6   | Reached skill level 14 in Shields
 15688 | Lair:6   | Reached skill level 15 in Shields
 15878 | Lair:6   | Reached XP level 15. HP: 59/100 MP: 15/15
 15942 | Lair:6   | Found a large runed translucent door.
 15943 | Lair:6   | Found a large runed translucent door.
 16604 | Lair:3   | Killed Gelon's ghost
 16605 | Lair:3   | Reached skill level 16 in Shields
 16835 | Spider:1 | Entered Level 1 of the Spider Nest
 16923 | Spider:1 | Received a gift from Okawaru
 17088 | Spider:1 | Reached skill level 17 in Shields
 17486 | Spider:1 | Identified the +2 pair of gloves "Usit" {Rampage rPois
                  | Str+2} (Okawaru gifted it to you on level 1 of the Spider
                  | Nest)
 17486 | Spider:1 | Received a gift from Okawaru
 17601 | Spider:1 | HP: 4/100 [radroach (46)]
 17612 | Spider:1 | Gained mutation: You are weak. (Str -2) [mutagenic glow]
 17628 | Spider:1 | Gained mutation: You are partially covered in iridescent
                  | scales. (AC +2) [mutagenic glow]
 17637 | Lair:3   | Gained mutation: You are clumsy. (Dex -2) [mutagenic glow]
 17737 | Shoals:1 | Entered Level 1 of the Shoals
 17839 | Shoals:1 | Reached skill level 18 in Shields
 18511 | Shoals:1 | Noticed an azure jelly
 18548 | Shoals:1 | Killed an azure jelly
 18879 | Shoals:2 | Reached skill level 19 in Shields
 18975 | Shoals:2 | Reached XP level 16. HP: 34/105 MP: 16/16
 19272 | Shoals:2 | Noticed Polyphemus
 19315 | Shoals:2 | Killed Polyphemus
 19595 | Shoals:2 | Received a gift from Okawaru
 19860 | Shoals:2 | Reached skill level 20 in Shields
 19975 | Shoals:3 | Identified the +3 ring mail of Lucidity {Rampage rPois
                  | rCorr Stlth-}
 20004 | Shoals:2 | Acquired 955 gold pieces
 20412 | Shoals:3 | Noticed Nikola
 20442 | Shoals:3 | Killed Nikola
 20442 | Shoals:3 | Received a gift from Okawaru
 20505 | Shoals:3 | Reached skill level 21 in Shields
 20647 | Shoals:3 | Noticed Mara
 20732 | Shoals:3 | Noticed erthbison's illusion
 20805 | Shoals:3 | Noticed erthbison's illusion
 20894 | Shoals:3 | Noticed erthbison's illusion
 20908 | Shoals:3 | Noticed erthbison's illusion
 20918 | Shoals:3 | Noticed erthbison's illusion
 21006 | Shoals:3 | Killed Mara
 21237 | Shoals:4 | Entered Level 4 of the Shoals
 21262 | Shoals:4 | Found a blossoming altar of Fedhas.
 21323 | Shoals:4 | Paralysed by an air elemental for 1 turns
 21419 | Shoals:4 | Paralysed by an air elemental for 1 turns
 21424 | Shoals:4 | Paralysed by an air elemental for 1 turns
 21430 | Shoals:4 | Paralysed by an air elemental for 1 turns
 21436 | Shoals:4 | Paralysed by an air elemental for 1 turns
 21443 | Shoals:4 | Paralysed by an air elemental for 1 turns
 21448 | Shoals:4 | Received a gift from Okawaru
 21449 | Shoals:4 | Paralysed by an air elemental for 1 turns
 21455 | Shoals:4 | Paralysed by an air elemental for 1 turns
 21464 | Shoals:4 | Paralysed by an air elemental for 1 turns
 21771 | Shoals:4 | Reached XP level 17. HP: 106/111 MP: 17/17
 22237 | Shoals:4 | Reached skill level 15 in Fighting
 22237 | Shoals:4 | Reached skill level 15 in Armour
 22333 | Shoals:4 | Paralysed by an air elemental for 1 turns
 22342 | Shoals:4 | Paralysed by an air elemental for 1 turns
 22676 | Shoals:4 | Identified the +2 cloak of Syndicalism {-Cast +Inv rC+
                  | Str+2} (Okawaru gifted it to you on level 4 of the Shoals)
 22676 | Shoals:4 | Received a gift from Okawaru
 22774 | Shoals:4 | Noticed a titan
 22808 | Shoals:4 | Killed a titan
 22923 | Shoals:4 | Got a barnacled rune of Zot
 24897 | D:12     | Reached skill level 1 in Invocations
 24962 | D:12     | Found a staircase to the Orcish Mines.
 25328 | Orc:1    | Entered Level 1 of the Orcish Mines
 25340 | Orc:1    | Found a burning altar of Makhleb.
 25671 | Orc:1    | Found Avorghye's Antique Weapon Emporium.
 26245 | Orc:2    | Entered Level 2 of the Orcish Mines
 26418 | Orc:2    | Found a staircase to the Elven Halls.
 26546 | Orc:2    | Found a dark tunnel.
 26556 | Volcano  | Entered a volcano
 26729 | Volcano  | Found a burning altar of Makhleb.
 27117 | Orc:2    | Noticed Blork the orc
 27130 | Orc:2    | Killed Blork the orc
 27264 | Orc:2    | Received a gift from Okawaru
 27357 | Orc:2    | Reached skill level 5 in Invocations
 27365 | Orc:2    | Found Ahyudegh's Antique Weapon Shop.
 27443 | Orc:2    | Found Laojyledo's General Store.
 27545 | Orc:2    | Found Qasit's Antique Armour Shop.
 27560 | Orc:2    | Found Zuinot's Book Shop.
 27800 | Orc:2    | Upgraded the game from 0.29-a0-96-g93358da72b to
                  | 0.29-a0-111-gbaf749a769
 28551 | Spider:1 | Reached XP level 18. HP: 120/120 MP: 22/22
 28577 | Spider:2 | Noticed Donald
 28605 | Spider:1 | Killed Donald
 28671 | Spider:1 | Identified the +2 cloak "Wifosch" {Int+4 Dex+3} (Okawaru
                  | gifted it to you on level 1 of the Spider Nest)
 28671 | Spider:1 | Received a gift from Okawaru
 28952 | Spider:2 | Identified Roxanne's Handbook of Shape Shifting
 28952 | Spider:2 | Noticed Roxanne
 30933 | Spider:4 | Entered Level 4 of the Spider Nest
 31327 | Spider:4 | Received a gift from Okawaru
 31528 | Spider:4 | Reached skill level 10 in Invocations
 31745 | Spider:4 | Received a gift from Okawaru
 32922 | Spider:4 | Reached XP level 19. HP: 117/128 MP: 9/26
 33111 | Spider:4 | Got a gossamer rune of Zot
 33722 | Elf:1    | Entered Level 1 of the Elven Halls
 34436 | Elf:1    | Identified the +0 storm dragon scales "Suapagun" {rElec
                  | Slay+3} (Okawaru gifted it to you on level 1 of the Elven
                  | Halls)
 34436 | Elf:1    | Received a gift from Okawaru
 34437 | Elf:1    | Reached skill level 1 in Axes
 35090 | Elf:1    | Found Osamn's Neck Hole.
 35757 | Elf:2    | Found a shimmering blue altar of Sif Muna.
 35768 | Elf:2    | Paralysed by an air elemental for 1 turns
 35774 | Elf:1    | Paralysed by an air elemental for 1 turns
 35874 | Elf:2    | Reached XP level 20. HP: 137/137 MP: 27/27
 36468 | Elf:2    | Reached skill level 5 in Axes
 36865 | Elf:2    | Found a runed translucent gate.
 36866 | Elf:2    | Found a runed translucent gate.
 36866 | Elf:2    | Found a runed translucent gate.
 37387 | Elf:2    | Reached XP level 21. HP: 88/144 MP: 28/28
 37711 | Elf:3    | Entered Level 3 of the Elven Halls
 37800 | Elf:3    | Identified the +5 demon whip of Hoistir {vamp, rPois rC-
                  | Str+4} (Okawaru gifted it to you on level 3 of the Elven
                  | Halls)
 37800 | Elf:3    | Received a gift from Okawaru
 37889 | Elf:3    | Paralysed by an air elemental for 1 turns
 37975 | Elf:3    | Found Qoareb's Antique Armour Shop.
 37978 | Elf:3    | Bought a pair of scorched boots for 237 gold pieces
 37978 | Elf:3    | Identified the +2 pair of boots of Refuge {rF+ rN+} (You
                  | bought it in a shop on level 3 of the Elven Halls)
 38771 | Elf:3    | Paralysed by an air elemental for 1 turns
 39003 | Elf:3    | Identified the ring "Ydaetu" {rF+ Dex+6}
 39036 | Elf:3    | HP: 3/145 [deep elf high priest/damnation (22)]
 39450 | Slime:1  | Entered Level 1 of the Pits of Slime
 40029 | D:13     | Found Derhemme's Antique Armour Emporium.
 40037 | D:13     | Bought a pair of masterwork boots for 332 gold pieces
 40037 | D:13     | Identified the +0 pair of boots "Juchu" {+Inv rN+ SInv}
                  | (You bought it in a shop on level 13 of the Dungeon)
 41429 | D:14     | Noticed Josephine
 41447 | D:13     | Killed Josephine
 41564 | D:14     | Found a broken altar of Ashenzari.
 41624 | D:14     | Found Qebon's Antique Armour Shop.
 41680 | D:14     | Noticed Kirke
 41698 | D:14     | Killed Kirke
 41698 | D:14     | Identified the +7 mace "Typniryoji" {flame, Contam rPois
                  | rN+ Int+2} (Okawaru gifted it to you on level 14 of the
                  | Dungeon)
 41698 | D:14     | Received a gift from Okawaru
 41819 | D:14     | Reached skill level 1 in Dodging
 41859 | D:14     | Found a gate to the Vaults.
 42118 | D:15     | Entered Level 15 of the Dungeon
 42239 | D:15     | Noticed Nessos
 42283 | D:15     | Killed Nessos
 42820 | D:15     | Found a staircase to the Depths.
 43178 | Depths:1 | Entered Level 1 of the Depths
 43179 | Depths:1 | Found a gateway to Hell.
 43218 | Depths:1 | Found a one-way gate to the infinite horrors of the Abyss.
 43464 | Depths:1 | Identified the +6 war axe "Futt" {elec, rPois rN+ Str+2
                  | Dex-5} (Okawaru gifted it to you on level 1 of the Depths)
 43464 | Depths:1 | Received a gift from Okawaru
 43574 | Depths:1 | Got the Almanac of Changing
 44032 | Depths:1 | Found a hide-covered altar of Uskayaw.
 44292 | Depths:1 | Found a bloodstained altar of Trog.
 44667 | Depths:2 | Reached XP level 22. HP: 128/153 MP: 29/29
 44691 | Depths:2 | Paralysed by something for 5 turns
 44696 | Depths:2 | HP: 2/153 [deep troll[a glowing orange brain] (17)]
 44696 | Depths:2 | Mangled by a deep troll

Illustrated notes

Levels and vault maps discovered:
D:1:      shiori_arrival_maze, layout_basic,
          hellmonk_ecumenical_altar_crossroads
D:2:      wander_river, layout_basic, basic_altar
D:3:      layout_loops_ring
D:4:      layout_gridville, serial_rivers, chequers_serial_rivers_small_b,
          chequers_serial_rivers_room_b, chequers_serial_rivers_room_b,
          chequers_serial_rivers_small_b, chequers_serial_rivers_room_a
D:5:      layout_loops_ring, minmay_temple_entry_drinking_statues
D:6:      layout_cave_pools, cheibrodos_sewer_entry_bend
D:7:      layout_loops_ring, mainiacjoe_overflow_two_lobes, wad_floor_pattern_2
D:8:      layout_cave_pools, mainiacjoe_overflow_boulevard,
          nicolae_overflow_quartered_altars, david_lair_generic, uniq_maurice
D:9:      layout_roguey, amcnicky_altar_gilded, special_room [special_room_bee]
D:10:     minmay_the_grid_square_5x5_3x3
          [minmay_the_grid_square_5x5_inverted_slash,
          minmay_the_grid_square_5x5_corner, minmay_the_grid_square_5x5_shrine2,
          minmay_the_grid_square_5x5_plus,
          minmay_the_grid_square_5x5_megaprize_open,
          minmay_the_grid_square_5x5_doubleslash,
          minmay_the_grid_square_5x5_lines, minmay_the_grid_square_5x5_shuriken,
          minmay_the_grid_square_5x5_z], layout_long_grid, due_unseen_surprise
D:11:     layout_loops_ring, amethyst_killhole, hangedman_tell_no_tales
D:12:     layout_loops_corners, kennysheep_orc_monster_closet_entryway,
          hive_lemuel
D:13:     layout_stronghold, serial_shops, shop
D:14:     layout_roguey, erik_vaults_1, serial_shops, shop_statue,
          ashenzari_conservatory_becter, uniq_kirke, uniq_josephine
D:15:     gammafunk_depths_entry_grave, layout_irregular_city,
          nrook_pool_corridor, uniq_nessos
Temple:   eino_narrow_crystal_temple
Lair:1:   layout_misc_corridors
Lair:2:   nzn_winding_woodlands_three_and_one
          [nzn_winding_woodlands_5x15_lazy_stream,
          nzn_winding_woodlands_5x15_zeroes, nzn_winding_woodlands_5x15_crooked,
          nzn_winding_woodlands_center_garden], layout_chaotic_city,
          serial_bayou_pond_d
Lair:3:   layout_roguey, elwin_shoals_entry_stream,
          spider_nest_entry_funnel_web, gammafunk_ghost_split,
          grunt_megastairs_2, lemuel_fruit_tree, uniq_gastronok
Lair:4:   cheibrodos_lair_river_kwai, layout_cave_shapes, special_room
          [special_room_mythical_zoo], basic_altar,
          chequers_serial_rivers_small_b
Lair:5:   layout_loops_ring, dpeg_slime_entry_enclosed_altar,
          minmay_lair_oklob_bushes, grunt_megastairs_3
Lair:6:   cheibrodos_lair_end_hotspot, layout_regular_city, basic_altar,
          nicolae_lair_liquid_snakes
Shoals:1: layout_shoals, portal_ice_cave_entry_frozen_things
Shoals:2: layout_shoals, uniq_polyphemus
Shoals:3: layout_shoals, uniq_mara, uniq_nikola
Shoals:4: shoals_end_hellmonk_storm_palace [storm_palace_center_circular,
          storm_palace_corner_narrow, storm_palace_corner_altar,
          storm_palace_corner_narrow, storm_palace_corner_blocked]
Spider:1: layout_spider_delve
Spider:2: layout_spider_delve, uniq_roxanne, uniq_donald
Spider:3: layout_chambers
Spider:4: hellmonk_spider_rune_endless_swarm, hangedman_spider_tarantella_strand
Slime:1:  cheibrodos_slime_lost_civilization_3, layout_caves
Orc:1:    layout_caves, serial_shops, nicolae_shop_advertising_works
          [nicolae_subvault_shop_adworks], bloody_makhleb
Orc:2:    grunt_orc_cross, layout_caves, basic_altar, enter_volcano_2
Elf:1:    elf_arrival_001, layout_onion_city, hangedman_elf_disciples,
          nicolae_shop_sticking_my_neck_out
Elf:2:    nicolae_elf_blades_crystal_corner, layout_geoelf_grid, basic_altar,
          kilobyte_rumbling_trees
Elf:3:    elf_hall, layout_loops_corners, serial_shops,
          nicolae_shop_behind_doors
Depths:1: layout_gridlike, abyss_entry_small_statue_room, hell_entry,
          bloody_trog, minmay_misc_feat_plants, nicolae_uskayaw_dance_hall,
          serial_bayou_shore_b
Depths:2: hellmonk_destroyed_diamonds, layout_cave_pools, enter_ziggurat_e,
          nicolae_water_bricks, hell_entry, grunt_pan_entry_sceptre

Skill      XL: |  1  2  3  4  5  6  7  8  9 10 11 12 13 14 15 16 17 18 19 20 21 |
---------------+----------------------------------------------------------------+-----
Maces & Flails | 3 4 5 6 7 9 11 13 14 | 14.0
Armour         | 7 10 13 14 16 17 18 19 20 | 20.8
Fighting       | 7 10 13 14 16 17 18 19 20 | 20.8
Shields        | 10 15 19 21 | 21.8
Invocations    | 5 10 | 10.0
Axes           | 4 6 7 |  7.4
Dodging        | 3 |  3.5

Action                   |  1- 3 |  4- 6 |  7- 9 | 10-12 | 13-15 | 16-18 | 19-21 | 22-24 || total
-------------------------+-------+-------+-------+-------+-------+-------+-------+-------++-------
Melee: Flail             |    90 |    28 |       |       |       |       |       |       ||   118
       Mace              |       |    62 |   161 |   518 |  1106 |  2251 |   891 |    17 ||  5006
       Great mace        |       |       |       |       |       |     7 |       |       ||     7
       Hunting sling     |       |       |       |       |       |    16 |       |       ||    16
       Hand axe          |       |       |       |       |       |       |   999 |       ||   999
 Fire: Hunting sling     |       |    19 |    77 |    47 |   150 |   219 |    21 |       ||   533
Evoke: Wand              |       |       |       |     1 |       |       |     1 |       ||     2
  Use: Scroll            |       |       |     6 |     4 |    12 |     7 |     6 |       ||    35
       Potion            |       |       |       |       |     1 |     1 |     3 |       ||     5
 Stab: Petrified         |       |       |       |       |       |    11 |       |       ||    11
       Paralysed         |       |       |       |       |       |       |     1 |       ||     1
Armor: Scale mail        |    42 |       |       |       |       |       |       |       ||    42
       Plate armour      |    17 |    65 |   132 |   380 |   649 |  1229 |   771 |   134 ||  3377
Dodge: Dodged            |    36 |    18 |    53 |   216 |   396 |   604 |   318 |    43 ||  1684
Block: Buckler           |    16 |    16 |    35 |    81 |    22 |       |       |       ||   170
       Kite shield       |       |       |       |       |   313 |       |       |       ||   313
       Tower shield      |       |       |       |       |   912 |  3363 |  2254 |    73 ||  6602

Table legend: (Time is in decaauts)
 A = Elapsed time spent in this place.
 B = Non-inter-level travel time spent in this place.
 C = Inter-level travel time spent in this place.
 D = Time resting spent in this place.
 E = Time spent auto-exploring this place.
 F = Levels seen in this place.
 G = Mean time per level.
                   A        B        C        D        E       F      G
               +--------+--------+--------+--------+--------+-----+--------+
         Total |  43970 |  38632 |   5338 |   3583 |  15721 |  40 | 1099.2 |
       Dungeon |  15154 |  12683 |   2471 |    800 |   6951 |  15 | 1010.3 |
        Temple |    214 |    180 |     34 |      0 |    172 |   1 |  214.0 |
          Lair |   7813 |   6416 |   1397 |    747 |   2018 |   6 | 1302.2 |
        Shoals |   5155 |   4843 |    312 |    529 |   1637 |   4 | 1288.8 |
   Spider Nest |   5824 |   5368 |    456 |    737 |   2159 |   4 | 1456.0 |
    Slime Pits |    221 |    221 |      0 |     91 |      0 |   1 |  221.0 |
  Orcish Mines |   2328 |   2045 |    283 |     79 |    947 |   2 | 1164.0 |
   Elven Halls |   5097 |   4797 |    300 |    561 |   1192 |   3 | 1699.0 |
        Depths |   1457 |   1373 |     84 |     39 |    332 |   2 |  728.5 |
         Sewer |    405 |    405 |      0 |      0 |    312 |   1 |  405.0 |
       Volcano |    297 |    297 |      0 |      0 |      0 |   1 |  297.0 |
               +--------+--------+--------+--------+--------+-----+--------+

Top non-repeatable levels by time:
Spider:3: 2256 daAuts
  Lair:3: 2163 daAuts
   Elf:2: 1985 daAuts
   Elf:1: 1883 daAuts
Spider:4: 1703 daAuts
Shoals:4: 1668 daAuts
  Lair:6: 1651 daAuts
    D:12: 1516 daAuts
Shoals:2: 1430 daAuts
     D:1: 1398 daAuts
   Orc:2: 1371 daAuts
    D:10: 1356 daAuts
Depths:1: 1326 daAuts
    D:13: 1325 daAuts
Spider:1: 1272 daAuts
